 Dungeon Crawl Stone Soup version 0.31-a0-851-g7ff8af7976 (webtiles) character file.

Game seed: 11391924204824311392

20 avis the Ducker (level 2, 14/14 HPs)
             Began as a Felid Fighter on Oct 8, 2023.
             Got out of the dungeon alive.
             The game lasted 00:03:07 (1164 turns).

avis the Ducker (Felid Fighter)                     Turns: 1164, Time: 00:03:08

Health: 14/14      AC:  1    Str: 12    XL:     2   Next: 58%
Magic:  3/3        EV: 19    Int:  9    God:
Gold:   11         SH:  0    Dex: 15    Spells: 1/1 levels left
                                        Lives:  0   Deaths: 1

rFire   . .          .
                       - Unarmed
rCold   . . .        (shield unavailable)
rNeg    . . .        (body armour unavailable)
rPois   .            (helmet unavailable)
rElec   .            (cloak unavailable)
rCorr   .            (gloves unavailable)
SInv    +            (boots unavailable)
Will    .....        (no amulet)
Stlth   ++           (no ring)
HPRegen 0.22/turn    (no ring)
MPRegen 0.08/turn

%: no passive effects
@: quick
A: very small, claws 1, fangs 3, see invisible, speed 1, shaggy fur 1, stealthy
paws, no weapons or thrown items, no armour, multi-lived
a: no special abilities


You escaped.
You visited 1 branch of the dungeon, and saw 2 of its levels.

You collected 11 gold pieces.

Inventory:

Scrolls
 c - 2 scrolls of identify {unknown}
 e - a scroll of torment {unknown}
 f - a scroll of summoning {unknown}
Potions
 a - a potion of might
 b - a potion of degeneration {unknown}
 d - a potion of invisibility {unknown}


   Skills:
 - Level 3.0 Fighting
 * Level 4.9 Dodging
 + Level 1.8 Stealth
 - Level 4.0 Unarmed Combat


You had one spell level left.
You didn't know any spells.
Your spell library contained the following spells:

 Spells                   Type           Power      Damage    Failure   Level
 Blink                    Tloc           0%         N/A       52%         2
 Manifold Assault         Tloc           0%         N/A       99%         4


Dungeon Overview and Level Annotations

Branches:
Dungeon (2/15)

Altars:


Innate Abilities, Weirdness & Mutations

You have sharp claws.
You have razor-sharp teeth.
You have supernaturally acute eyesight. (SInv)
You cover ground quickly. (Speed+)
You are covered in fur. (AC +1)
Your paws help you pounce on unaware monsters.
You are incapable of wielding weapons or throwing items.
You cannot wear armour.
You gain extra lives every three experience levels.


Message History

You close the door.
An orc opens the door.
There is an open door here.
There is an open door here.
You scratch the orc.
The orc is moderately wounded.
The orc barely misses you.
You closely miss the orc.
The orc is moderately wounded.
The orc misses you.
You barely miss the orc.
The orc is moderately wounded.
The orc barely misses you.
You claw the orc!
You kill the orc!
Things that are here:
a +0 dagger; a +0 leather armour
There is an open door here.
There is a stone staircase leading down here.
You climb downwards.
The orc closely misses you. The orc misses you. The orc closely misses you.
The orc barely misses you.
The orc priest invokes the aid of Beogh against you.
Beogh smites you!
Ouch! That really hurt!
You die...
You rejoin the land of the living...
Found a stone staircase leading up.
An adder comes into view.
The adder moves out of view.
There is a stone staircase leading up here.
You climb upwards.
There is a stone staircase leading down here.
There is an open door here.
There is an open door here.
There is a stone staircase leading down here.
There is an open door here.
You see here a +0 club.
You open the door.
There is an open door here.
There is a staircase leading out of the dungeon here.
You have escaped!

...##.......##'######.......## #
#.##.....####.......####.....##
###..(.###.............###....##
#....##.....#######.....##....#
##...##....###.....###....##...##
#..(.#....##.........##....#....#
#...##...##...#####...##...##...#
#...#....#...##...##...#....#...#
#...#....#...##.@.##...#....#...#
#...#....#...##...##...#....#...#
#...##...##...##.##...##...##...#
#....#....##...#.....##....#....#
##...##....###.#...#+#....##...##
#....##.....#.#####.....##....#
##....###.....#..)....###....##
##.....####..#....####.....##
##(......##'#.####.......##


There were no monsters in sight!

Vanquished Creatures
  A dart slug (D:1)
  An orc (D:1)
  A giant cockroach (D:1)
  2 goblins (D:1)
  A hobgoblin (D:1)
  4 kobolds (D:1)
  A quokka (D:1)
  2 ball pythons (D:1)
  2 bats (D:1)
15 creatures vanquished.

Notes
Turn   | Place    | Note
-------+----------+-------------------------------------------
     0 | D:1      | avis the Felid Fighter began the quest for the Orb.
     0 | D:1      | Reached XP level 1. HP: 10/10 MP: 2/2
   346 | D:1      | Reached skill level 1 in Stealth
   435 | D:1      | Reached XP level 2. HP: 10/14 MP: 3/3
  1041 | D:2      | Killed from afar by an orc priest
  1164 | D:$      | Got out of the dungeon alive.

Illustrated notes

Levels and vault maps discovered:
D:1:      dpeg_arrival_circle_labyrinth_a, layout_loops_corners
D:2:      layout_rooms, serial_rivers, chequers_serial_rivers_micro_b,
          chequers_serial_rivers_large_a, chequers_serial_rivers_room_a,
          chequers_serial_rivers_micro_b, chequers_serial_rivers_micro_c,
          chequers_serial_rivers_micro_d, grunt_decor_cap

Skill      XL: |  1 |
---------------+----+-----
Stealth        | 1 |  1.8
Fighting       | |  3.0
Dodging        | |  4.9
Unarmed Combat | |  4.0

Action                     || total
---------------------------++-------
  Melee: Unarmed           ||    39
         Bite              ||     1
   Stab: Sleeping          ||     1
 Armour: Skin              ||     9
  Dodge: Dodged            ||    36

Table legend: (Time is in decaauts)
 A = Elapsed time spent in this place.
 B = Non-inter-level travel time spent in this place.
 C = Inter-level travel time spent in this place.
 D = Time resting spent in this place.
 E = Time spent auto-exploring this place.
 F = Levels seen in this place.
 G = Mean time per level.
                   A        B        C        D        E       F      G
               +--------+--------+--------+--------+--------+-----+--------+
         Total |    953 |    821 |    132 |      0 |    624 |   2 |  476.5 |
       Dungeon |    953 |    821 |    132 |      0 |    624 |   2 |  476.5 |
               +--------+--------+--------+--------+--------+-----+--------+

Top non-repeatable levels by time:
     D:1: 934 daAuts
     D:2: 18 daAuts
